 Dungeon Crawl Stone Soup version 0.23.2-1-ga50397a (webtiles) character file.

Game seed: 18133433114016214290

31632 MalarOregon the Impaler (level 13, -1/90 (92) HPs)
             Began as a Merfolk Gladiator on May 13, 2019.
             Was an Elder of Hepliaklqana.
             Slain by a tengu warrior
             ... wielding a +0 great mace
              (5 damage)
             ... on level 14 of the Dungeon.
             The game lasted 00:37:30 (21614 turns).

MalarOregon the Impaler (Merfolk Gladiator)        Turns: 21614, Time: 00:37:31

HP:   -1/90 (92)    AC: 22    Str: 15    XL:     13   Next: 59%
MP:   18/18         EV: 11    Int: 12    God:    Hepliaklqana [****..]
Gold: 100           SH:  5    Dex: 15    Spells: 12/12 levels left

rFire    . . .     SeeInvis .   a - +8 demon trident "Rift" {distort, reach+}
rCold    . . .     Gourm    .   x - +2 buckler
rNeg     . . .     Faith    .   w - +1 shadow dragon scales
rPois    +         Spirit   .   B - +1 helmet
rElec    .         Reflect  .   l - +2 cloak {rPois}
rCorr    .         Harm     .   (no gloves)
MR       .....                  E - +0 pair of boots
Stlth    ++........             p - amulet of magic regeneration
HPRegen  0.25/turn              o - ring of wizardry
MPRegen  0.41/turn              A - ring of poison resistance

@: no status effects
A: change form in water, swift swim, stealthy swim, reduced essence
a: Recall Ancestor, Ancestor Identity, Transference, Idealise, Renounce Religion


You were on level 14 of the Dungeon.
You worshipped Hepliaklqana.
Hepliaklqana was greatly pleased with you.
You were very hungry.

You visited 2 branches of the dungeon, and saw 15 of its levels.

You collected 1200 gold pieces.
You spent 1100 gold pieces at shops.

Inventory:

Hand Weapons
 a - the +8 demon trident "Rift" (weapon) {distort, reach+}
   (You found it on level 11 of the Dungeon)

   It warps and distorts space around it.
   Unwielding it can cause banishment or high damage.
Missiles
 d - 4 throwing nets (quivered) {!f}
Armour
 l - a +2 cloak of poison resistance (worn)
   (You took it off Maurice on level 10 of the Dungeon)
 w - +1 shadow dragon scales (worn)
   (You acquired it on level 14 of the Dungeon)
 x - a +2 buckler (worn)
   (You found it on level 11 of the Dungeon)
 B - a +1 helmet (worn)
   (You found it on level 10 of the Dungeon)
 E - a +0 pair of boots (worn)
   (You found it on level 8 of the Dungeon)
Jewellery
 j - an uncursed amulet of faith {!P}
   (You found it on level 2 of the Dungeon)
 o - a ring of wizardry (left hand)
   (You found it on level 3 of the Dungeon)
 p - an amulet of magic regeneration (around neck)
   (You found it on level 3 of the Dungeon)
 t - an uncursed ring of fire
   (You found it on level 7 of the Dungeon)
 A - a ring of poison resistance (right hand)
   (You found it on level 10 of the Dungeon)
 G - an uncursed amulet of the acrobat {unknown}
   (You found it on level 12 of the Dungeon)
 H - a cursed amulet of inaccuracy {unknown}
   (You found it on level 11 of the Dungeon)
 K - an uncursed ring of protection from fire {unknown}
   (You found it on level 13 of the Dungeon)
Wands
 c - a wand of disintegration (8)
   (You bought it in a shop on level 14 of the Dungeon)
 u - a wand of paralysis (12)
   (You found it on level 11 of the Dungeon)
Scrolls
 f - 2 scrolls of blinking
 g - 11 scrolls of remove curse {@r2}
 h - 7 scrolls of magic mapping
 i - 2 scrolls of teleportation {@r4}
 k - 10 scrolls of identify {@r1}
 r - a scroll of enchant weapon
 y - 3 scrolls of enchant armour
Potions
 b - 2 potions of haste {@q3}
 m - 2 potions of might
 n - 6 potions of curing {@q1}
 s - 2 potions of resistance
 v - a potion of mutation {unknown}
 z - a potion of cancellation {unknown}
 C - a potion of agility
 J - a potion of berserk rage {unknown}
 L - a potion of brilliance {unknown}
Comestibles
 e - 26 rations {!d}


   Skills:
 - Level 10.0 Fighting
 - Level 16.0 Polearms
 - Level 2.0 Throwing
 - Level 10.0 Armour
 - Level 10.0 Dodging
 + Level 7.7 Invocations
 + Level 7.0 Evocations


You had 12 spell levels left.
You didn't know any spells.
Your spell library contained the following spells:

 Spells                   Type           Power        Failure   Level  Hunger
 Sandblast                Erth           #.....       92%         1    ##.....
 Summon Small Mammal      Summ           #...         92%         1    ##.....
 Call Imp                 Summ           #.......     98%         2    ###....
 Passwall                 Tmut/Erth      #.......     98%         2    ###....
 Poisonous Vapours        Pois/Air       #.....       98%         2    ###....
 Call Canine Familiar     Summ           #.......     100%        3    ####...
 Conjure Flame            Conj/Fire      #.......     100%        3    ####...
 Mephitic Cloud           Conj/Pois/Air  #.......     100%        3    ####...
 Stone Arrow              Conj/Erth      #.....       100%        3    ####...
 Summon Guardian Golem    Hex/Summ       #.......     100%        3    ####...
 Cause Fear               Hex            #.........   100%        4    #####..
 Petrify                  Tmut/Erth      #.......     100%        4    #####..
 Summon Ice Beast         Ice/Summ       #.......     100%        4    #####..
 Summon Lightning Spire   Summ/Air       #.......     100%        4    #####..
 Lee's Rapid Deconstruct  Erth           #.........   100%        5    ######.
 Silence                  Hex/Air        #.........   100%        5    ######.
 Yara's Violent Unravell  Hex/Tmut       #.........   100%        5    ######.
 Deflect Missiles         Chrm/Air       #.........   100%        6    #######
 Freezing Cloud           Conj/Ice/Air   #.........   100%        6    #######
 Ring of Flames           Chrm/Fire      #.........   100%        7    #######
 Discord                  Hex            #.........   100%        8    #######


Dungeon Overview and Level Annotations

Branches:
Dungeon (14/15)            Temple (1/1) D:6            Lair (0/6) D:9
    Orc (0/2) D:11         Vaults (0/5) D:13

Altars:
Ashenzari
Cheibriados
Dithmenos
Elyvilon
Fedhas
Gozag
Hepliaklqana
Kikubaaqudgha
Makhleb
Nemelex Xobeh
Okawaru
Qazlal
Ru
Sif Muna
Trog
Uskayaw
Vehumet
Wu Jian
Xom
Yredelemnul
Zin
The Shining One

Shops:
D:4 :*   D:6 =   D:10 (   D:13 *   D:14 *=%

Annotations:
D:6 2 transporters
D:10 1 runed translucent door
D:13 3 runed translucent doors, Aske's ghost, journeyman GrBe


Message History

The vampire mosquito draws strength from your injuries!
The centaur shoots an arrow.
The arrow hits you but does no damage.
The vampire mosquito bites you but does no damage.
You climb upwards.
Level annotation: 3 runed translucent doors, Aske's ghost, journeyman GrBe
There is a stone staircase leading down here.
Unknown command.
Unknown command.
You closely miss the vampire mosquito.
You block the vampire mosquito's attack.
The vampire mosquito bites you but does no damage. x2
You impale the vampire mosquito!!
The vampire mosquito disappears!
The vampire mosquito bites you but does no damage.
You hit the vampire mosquito.
Space bends around the vampire mosquito.
The vampire mosquito barely misses you.
You puncture the vampire mosquito!
Space bends around the vampire mosquito.
You block the vampire mosquito's attack.
You impale the vampire mosquito!!
You destroy the vampire mosquito!
You climb downwards.
You hear the roar of battle.
There is an entrance to a bailey on this level.
Hurry and find it before the portal closes forever!
You hear the loud creaking of a distant portcullis.
The portcullis has been lowered almost to the ground.
The centaur shoots an arrow.
The arrow hits you but does no damage.
You hear a screech!
There is a stone staircase leading up, spattered with blood here.
Things that are here:
6 arrows; a large rock You are too injured to fight recklessly!
You are too injured to fight recklessly!
A tengu warrior comes into view. It is wielding a +0 great mace.
You see here an arrow.
Attack whom?
Aim: a centaur, wielding a +0 shortbow You impale the centaur!!
You kill the centaur!
A tengu warrior comes into view. It is wielding a +0 war axe.
The cyclops throws a large rock.
The large rock hits you!!
* * * LOW HITPOINT WARNING * * *
You see here a large rock.
The centaur warrior shoots an arrow.
The arrow barely misses you.
The centaur warrior shoots an arrow.
The arrow hits you.
* * * LOW HITPOINT WARNING * * *
The tengu warrior hits you with a +0 great mace.
* * * LOW HITPOINT WARNING * * *
The tengu warrior pecks you.
You die...

........................,,,,,,,,,
*#.........................,,,,,,
##....................C....,,,,,,
#..........(...............,,,,,,
#.......ycR.((....c........,,,,,,
#.......#######(...........,,,,,,
........#*****#............,,,,,,
........#8,,_*#.(..........,,,,,,
.....c..#,,,,*#.@.(........,,,,,,
........+,,,,*#.HQ..?......,,,,,,
........#,,***#(...........,,,,,,
..).....#8,*,*#............,,,,,,
........#*****#.)Q.........,,,,,,
........#*****#............,,,,,,
).........,,,,.............,,,,,,
(.........,,,..............,,,,,,
..........,,,...........,,,,,,,,,


You could see 2 tengu warriors, a centaur warrior, a cyclops and a hippogriff.

Vanquished Creatures
  Snorg (D:11)
  A yaktaur captain (D:13)
  2 two-headed ogres
  A centaur warrior (D:13)
  A wolf spider zombie (D:12)
  4 ugly things
  A manticore (D:13)
  3 centaur zombies
  4 centaur skeletons
  Psyche (D:8)
  2 yaktaurs (D:13)
  A troll (D:10)
  A hornet (D:12)
  5 hippogriffs
  A shadow (D:13)
  A wraith (D:13)
  4 wyverns
  13 yaks
  A steam dragon (D:13)
  A hungry ghost (D:7)
  2 vampire mosquitoes
  A water moccasin (D:13)
  13 orc warriors
  2 phantoms (D:10)
  A necrophage (D:5)
  5 sky beasts
  2 hornet zombies
  4 black bears
  5 ogres
  2 ice beasts (D:13)
  11 centaurs
  A crocodile (D:7)
  A big kobold (D:10)
  9 bullfrogs
  A water moccasin zombie (D:10)
  2 scorpions (D:7)
  A water moccasin skeleton (D:6)
  3 killer bees (D:11)
  An electric eel (D:9)
  A vampire bat (D:6)
  11 wights
  5 howler monkeys
  A bullfrog zombie (D:9)
  7 crimson imps
  A quasit (D:12)
  6 jellies
  8 orc priests
  7 hounds
  10 orc wizards
  2 bullfrog skeletons
  2 iguanas
  10 worker ants
  Natasha (thrice) (D:3)
  A killer bee zombie (D:7)
  A hound skeleton (D:4)
  4 worker ant zombies
  14 adders
  6 shadow imps
  An ooze (D:1)
  4 worms
  2 dart slugs (D:1)
  9 leopard geckos
  37 orcs
  17 bats
  5 giant cockroaches
  4 goblins
  5 hobgoblins
  7 quokkas
  3 frilled lizards
  A jackal skeleton (D:5)
  11 kobolds
  A quokka skeleton (D:4)
  5 rats
  2 fungi (D:1)
330 creatures vanquished.

Vanquished Creatures (collateral kills)
  Gastronok (D:8)
  2 centaur warriors
  Erica (D:8)
  Maurice (D:10)
  A centaur skeleton (D:10)
  A troll (D:10)
  3 hippogriffs
  3 wraiths
  A wyvern (D:10)
  A yak (D:12)
  A hungry ghost (D:11)
  10 orc warriors
  2 ice beasts
  A black bear (D:13)
  A phantom (D:6)
  2 wolves (D:9)
  2 ogres (D:10)
  A centaur (D:14)
  A big kobold (D:9)
  4 bullfrogs
  A wight (D:9)
  2 howler monkeys
  A crimson imp (D:9)
  2 orc priests
  3 jellies
  6 hounds
  4 orc wizards
  2 worker ants
  A hound skeleton (D:7)
  3 adders
  A shadow imp (D:13)
  7 orcs
  A giant cockroach (D:8)
  A quokka (D:8)
  A bat (D:6)
  A jackal skeleton (D:6)
  6 kobolds
  A quokka skeleton (D:7)
84 creatures vanquished.

Vanquished Creatures (others)
  An orc warlord (D:11)
  A two-headed ogre (D:11)
  A manticore (D:12)
  A cyclops (D:12)
  A centaur zombie (D:13)
  An orc warrior (D:11)
  A crimson imp (D:11)
  3 ancestors
  10 battlemagi
  A quokka skeleton (D:7)
  3 toadstools (D:1)
24 creatures vanquished.

Grand Total: 438 creatures vanquished

Notes
Turn   | Place    | Note
-------+----------+-------------------------------------------
     0 | D:1      | MalarOregon the Merfolk Gladiator began the quest for the
                  | Orb.
     0 | D:1      | Reached XP level 1. HP: 16/16 MP: 1/1
    72 | D:1      | Reached skill level 5 in Polearms
    78 | D:1      | Reached XP level 2. HP: 22/22 MP: 2/2
   473 | D:1      | Reached skill level 6 in Polearms
   473 | D:1      | Reached XP level 3. HP: 24/27 MP: 3/3
   975 | D:2      | Found a faded altar of an unknown god.
  1127 | D:2      | Found a shadowy altar of Dithmenos.
  1351 | D:2      | Reached skill level 7 in Polearms
  1351 | D:2      | Reached XP level 4. HP: 26/33 MP: 4/4
  1889 | D:3      | Noticed Natasha
  1898 | D:3      | Killed Natasha
  2315 | D:3      | Noticed Natasha
  2342 | D:3      | Killed Natasha
  2342 | D:3      | Reached skill level 8 in Polearms
  2342 | D:3      | Reached XP level 5. HP: 19/38 MP: 5/5
  2432 | D:3      | Noticed Natasha
  2444 | D:3      | Killed Natasha
  3081 | D:4      | Found Yhusuf's General Store.
  3239 | D:4      | Bought a scroll of identify for 26 gold pieces
  3239 | D:4      | Bought a scroll of identify for 26 gold pieces
  3239 | D:4      | Bought a scroll of identify for 26 gold pieces
  3239 | D:4      | Bought a potion of ambrosia for 104 gold pieces
  3264 | D:4      | Reached XP level 6. HP: 35/46 MP: 6/6
  3270 | D:4      | Reached skill level 9 in Polearms
  3679 | D:4      | Got a slimy robe
  3690 | D:4      | Identified the +2 robe of Tempters {Str+2 Int+4} (You found
                  | it on level 4 of the Dungeon)
  3753 | D:4      | Reached skill level 5 in Dodging
  3855 | D:4      | Found a deep blue altar of Sif Muna.
  3872 | D:4      | Found Vegeogu's Book Emporium.
  3901 | D:5      | Entered Level 5 of the Dungeon
  4093 | D:5      | Reached XP level 7. HP: 21/53 MP: 7/7
  4421 | D:5      | Found an iron altar of Okawaru.
  4636 | D:5      | Reached skill level 10 in Polearms
  4928 | D:5      | Found a radiant altar of Vehumet.
  4931 | D:5      | Found a glowing golden altar of the Shining One.
  4934 | D:5      | Found a stormy altar of Qazlal.
  5091 | D:5      | Reached XP level 8. HP: 61/61 MP: 8/8
  5264 | D:5      | Reached skill level 5 in Fighting
  6131 | D:4      | Found Yhusuf's General Store.
  6451 | D:4      | Found a deep blue altar of Sif Muna.
  6492 | D:4      | Found Vegeogu's Book Emporium.
  6996 | D:6      | Found a transporter.
  7006 | D:6      | Reached skill level 11 in Polearms
  7090 | D:6      | Found Goenuagod's Jewellery Emporium.
  7173 | D:6      | Found a staircase to the Ecumenical Temple.
  7222 | Temple   | Entered the Ecumenical Temple
  7574 | Temple   | Became a worshipper of Hepliaklqana the Forgotten
  7596 | D:6      | Reached XP level 9. HP: 60/61 MP: 9/9
  7766 | D:6      | Found a glowing golden altar of the Shining One.
  7817 | D:6      | Reached skill level 12 in Polearms
  7885 | D:6      | Found a transporter.
  8456 | D:7      | Found a sacrificial altar of Ru.
  8531 | D:7      | Reached skill level 10 in Dodging
  8882 | D:7      | Reached skill level 13 in Polearms
  8882 | D:7      | Reached XP level 10. HP: 59/71 MP: 10/10
  9494 | D:8      | Reached * piety under Hepliaklqana
  9524 | D:8      | Reached skill level 14 in Polearms
  9543 | D:8      | Noticed Psyche
  9557 | D:8      | Killed Psyche
  9557 | D:8      | Reached skill level 10 in Fighting
  9849 | D:8      | You fall through a shaft for 2 floors!
  9849 | D:10     | Entered Level 10 of the Dungeon
  9864 | D:10     | Reached skill level 1 in Armour
  9970 | D:10     | Found Xifaph's Antique Weapon Emporium.
 10238 | D:10     | Found a runed translucent door.
 10336 | D:10     | Reached ** piety under Hepliaklqana
 10338 | D:10     | Found a runed translucent door.
 10351 | D:10     | Remembered your ancestor Bintanath as a battlemage
 11024 | D:9      | Reached XP level 11. HP: 58/79 MP: 11/11
 11245 | D:10     | Reached skill level 5 in Armour
 11859 | D:9      | Found a staircase to the Lair.
 12197 | D:9      | Found a shimmering altar of Xom.
 12204 | D:9      | Found a shimmering altar of Xom.
 12205 | D:9      | Found a shimmering altar of Xom.
 12205 | D:9      | Found a shimmering altar of Xom.
 12393 | D:8      | Noticed Gastronok
 12414 | D:8      | Killed Gastronok
 12676 | D:8      | Reached *** piety under Hepliaklqana
 12792 | D:8      | Noticed Erica
 12807 | D:8      | Killed Erica
 13433 | D:10     | Noticed a two-headed ogre
 13433 | D:10     | Noticed Maurice
 13446 | D:10     | Killed a two-headed ogre
 13461 | D:10     | Paralysed by something for 6 turns
 13479 | D:10     | Paralysed by something for 4 turns
 13843 | D:10     | Reached XP level 12. HP: 68/85 MP: 12/12
 14102 | D:10     | Found Xifaph's Antique Weapon Emporium.
 14398 | D:10     | Killed Maurice
 14585 | D:11     | Got a faintly humming leather armour
 14620 | D:11     | Noticed a centaur warrior
 15083 | D:11     | Killed a centaur warrior
 15916 | D:11     | Reached skill level 10 in Armour
 15958 | D:11     | Found the +8 demon trident "Rift" {distort, reach+}
 15980 | D:11     | Found the +3 robe of Clouds {+Thunder rCloud rElec}
 16004 | D:11     | Identified the +2 leather armour of Distant Worlds {Dex+2}
                  | (You found it on level 11 of the Dungeon)
 16037 | D:11     | Noticed an orc warlord
 16038 | D:11     | Found an iron altar of Okawaru.
 16097 | D:11     | Got a heavily runed chain mail
 16113 | D:11     | Got a smelly leather armour
 16294 | D:11     | Noticed Snorg
 16349 | D:11     | Found a staircase to the Orcish Mines.
 16367 | D:11     | Noticed a two-headed ogre
 16371 | D:11     | Banished a two-headed ogre
 16418 | D:11     | Reached skill level 15 in Polearms
 16612 | D:11     | Killed Snorg
 16786 | D:11     | Found an iron altar of Okawaru.
 16962 | D:11     | Found a staircase to the Orcish Mines.
 17434 | D:11     | Identified the cursed +1 leather armour of Dogmatism
                  | {*Drain Str+5 Dex+4} (You found it on level 11 of the
                  | Dungeon)
 17445 | D:11     | Identified the +0 chain mail "Xeis" {Slay+2} (You found it
                  | on level 11 of the Dungeon)
 17558 | D:11     | Found an iron altar of Okawaru.
 17786 | D:11     | Found a staircase to the Orcish Mines.
 18238 | D:11     | Found a staircase to the Orcish Mines.
 18531 | D:11     | Found an iron altar of Okawaru.
 18853 | D:11     | Banished an orc warlord
 18853 | D:11     | Reached skill level 16 in Polearms
 19041 | D:12     | Reached skill level 1 in Invocations
 19044 | D:12     | Reached skill level 1 in Evocations
 19273 | D:12     | Noticed a five-headed hydra
 19277 | D:12     | Banished a five-headed hydra
 19351 | D:12     | Noticed a two-headed ogre
 19356 | D:12     | Killed a two-headed ogre
 19549 | D:12     | Reached XP level 13. HP: 90/90 MP: 14/16
 19746 | D:13     | Found a gate to the Vaults.
 19753 | D:13     | Reached skill level 5 in Invocations
 19753 | D:13     | Noticed a yaktaur captain
 19760 | D:13     | Killed a yaktaur captain
 19894 | D:13     | Reached skill level 5 in Evocations
 20206 | D:13     | Reached **** piety under Hepliaklqana
 20637 | D:13     | Found a runed translucent gate.
 20637 | D:13     | Found a runed translucent gate.
 20637 | D:13     | Found a runed translucent gate.
 20637 | D:13     | Noticed Aske's ghost (journeyman GrBe)
 20638 | D:13     | Found an iron altar of Okawaru.
 20924 | D:13     | Found Qijimm's General Store.
 20951 | D:14     | Found Caod's Assorted Antiques.
 20960 | D:14     | Bought a blackened gold wand for 136 gold pieces
 20960 | D:14     | Bought a plate armour for 782 gold pieces
 20962 | D:14     | Identified a scroll of acquirement
 21022 | D:14     | Found Deneboeh's Jewellery Shop.
 21045 | D:14     | Found Kihuriq's Food Boutique.
 21614 | D:14     | HP: 4/90 [tengu warrior/+0 great mace (6)]
 21614 | D:14     | Slain by a tengu warrior

Skill      XL: |  1  2  3  4  5  6  7  8  9 10 11 12 13 |
---------------+----------------------------------------+-----
Polearms       | 5 6 7 8 9 10 11 13 14 16 | 16.0
Fighting       | 3 4 6 8 10 | 10.0
Dodging        | 5 6 8 10 | 10.0
Armour         | 4 9 10 | 10.0
Invocations    | 4 7 |  7.7
Evocations     | 3 7 |  7.0
Throwing       | |  2.0

Action                   |  1- 3 |  4- 6 |  7- 9 | 10-12 | 13-15 || total
-------------------------+-------+-------+-------+-------+-------++-------
Melee: Trident           |   177 |   164 |   439 |   694 |       ||  1474
       Tailslap          |       |       |       |     2 |       ||     2
       Demon trident     |       |       |       |   171 |   194 ||   365
       Halberd           |       |       |       |     8 |       ||     8
Invok: Recall Ancestor   |       |       |       |     1 |       ||     1
       Ancestor Life: Ba |       |       |       |     1 |       ||     1
       Transference      |       |       |       |     1 |     1 ||     2
Evoke: Wand              |       |       |       |     7 |       ||     7
  Use: Scroll            |       |     6 |     7 |     1 |     6 ||    20
       Potion            |       |       |       |     2 |     3 ||     5
 Stab: Sleeping          |     2 |     2 |     1 |     3 |     1 ||     9
       Distracted        |       |       |     3 |     7 |     1 ||    11
  Eat: Chunk             |     2 |     8 |    16 |    28 |     5 ||    59
       Ration            |       |       |       |     2 |       ||     2
Armor: Leather armour    |    35 |    22 |       |    11 |       ||    68
       Robe              |       |     6 |    44 |    37 |       ||    87
       Ring mail         |       |       |       |    29 |       ||    29
       Chain mail        |       |       |       |     7 |    13 ||    20
       Shadow dragon sca |       |       |       |       |    52 ||    52
       Skin              |       |       |       |       |    10 ||    10
Dodge: Dodged            |    92 |    93 |   221 |   322 |    58 ||   786
Block: Buckler           |       |       |       |     3 |    31 ||    34
